 Dungeon Crawl Stone Soup version 0.30-a0-457-g4b7bca3bfa (webtiles) character file.

Game seed: 4239759706661190448

5457 dohliylev the Grappler (level 10, -5/138 HPs)
             Began as a Troll Berserker on Dec 12, 2022.
             Was an Elder of Trog.
             Slain by Jorgrun
             ... wielding a staff of earth
              (13 damage)
             ... on level 1 of the Orcish Mines.
             The game lasted 00:20:03 (8001 turns).

dohliylev the Grappler (Troll Berserker)            Turns: 8001, Time: 00:20:03

Health: -5/138     AC: 10    Str: 31    XL:     10   Next: 41%
Magic:  9/9        EV: 11    Int:  3    God:    Trog [****..]
Gold:   624        SH:  0    Dex:  9    Spells: 9/9 levels left

rFire   . . .      SeeInvis .      - Unarmed
rCold   . . .      Faith    .    (no shield)
rNeg    . . .      Spirit   .    a - +0 animal skin
rPois   .          Reflect  .    u - +1 hat
rElec   .          Harm     .    s - +0 cloak
rCorr   .          Rampage  .    (gloves unavailable)
Will    ++...                    (boots unavailable)
Stlth   ..........               (no amulet)
HPRegen 2.23/turn                o - +4 ring of protection
MPRegen 0.11/turn                (no ring)

@: berserking, strong-willed, regenerating, very quick
A: large, unfitting armour, claws 3, regeneration 1, shaggy fur 1, tough skin 1
a: Renounce Religion, Berserk, Trog's Hand, Brothers in Arms


You were on level 1 of the Orcish Mines.
You worshipped Trog.
Trog was greatly pleased with you.
You visited 2 branches of the dungeon, and saw 10 of its levels.
You also visited: Sewer.

You collected 624 gold pieces.

Inventory:

Missiles
 q - 6 poisoned darts (quivered)
Armour
 a - a +0 animal skin (worn)
 s - a +0 cloak (worn)
 u - a +1 hat (worn)
Jewellery
 o - a +4 ring of protection (left claw)
Wands
 c - a wand of digging (8)
 y - a wand of charming (7)
 C - a wand of flame (24)
Scrolls
 e - a scroll of acquirement
 g - a scroll of enchant armour {unknown}
 h - 8 scrolls of teleportation
 i - a scroll of summoning
 j - a scroll of enchant weapon {unknown}
 m - a scroll of poison {unknown}
 r - 2 scrolls of magic mapping {unknown}
 x - a scroll of blinking {unknown}
 A - 2 scrolls of fear {unknown}
 B - 4 scrolls of identify
Potions
 b - 2 potions of degeneration {unknown}
 d - 5 potions of haste {unknown}
 f - 2 potions of brilliance {unknown}
 k - 2 potions of flight {unknown}
 l - 2 potions of resistance {unknown}
 n - a potion of heal wounds {unknown}
 p - 3 potions of might {unknown}
 t - 3 potions of attraction {unknown}
 v - 3 potions of lignification {unknown}
 w - 2 potions of curing {unknown}
 D - 2 potions of cancellation {unknown}


   Skills:
 + Level 3.9 Fighting
 + Level 6.4 Throwing
 + Level 6.5 Dodging
 + Level 11.6 Unarmed Combat


You had 9 spell levels left.
You didn't know any spells.
Your spell library was empty.

Dungeon Overview and Level Annotations

Branches:
Dungeon (9/15)             Temple (0/1) D:7             Orc (1/2) D:9
  Sewer (visited)
   Lair: D:8-11

Altars:
Ashenzari
Elyvilon
Nemelex Xobeh
Vehumet
Xom
Yredelemnul

Shops:
D:4 *

Annotations:
D:3 2 transporters, Verendum's ghost, amateur OpTm
Orc:1 Jorgrun


Innate Abilities, Weirdness & Mutations

You are too large for most types of armour.
You have claws for hands.
Your natural rate of healing is unusually fast.
You are covered in fur. (AC +1)
You have tough skin. (AC +1)


Message History

Things that are here:
a +0 dagger; a +2 robe of resistance; an orc corpse You now have 592 gold pieces (gained 23).
You now have 624 gold pieces (gained 32).
Things that are here:
a +0 mace; an orc skeleton Jorgrun Earthshaker comes into view.
He is wielding a staff of earth.
Found 63 gold pieces.
Jorgrun shouts!
Jorgrun casts a spell at the rock wall.
You hear a grinding noise.
Your skin crawls.
You feel strong-willed.
Jorgrun points at you and mumbles some strange words.
The iron shot hits you!!!
Ouch! That really hurt!
A red film seems to cover your vision as you go berserk!
You feel yourself moving faster!
You feel mighty! Jorgrun hits you with a staff of earth. Jorgrun shatters you!!
You barely miss Jorgrun. You eviscerate Jorgrun!!!
Jorgrun is moderately wounded.
Jorgrun hits you with a staff of earth!
* * * LOW HITPOINT WARNING * * *
Jorgrun shatters you!
* * * LOW HITPOINT WARNING * * *
You claw Jorgrun!
Jorgrun is heavily wounded.
You barely miss Jorgrun.
Jorgrun is heavily wounded.
Jorgrun hits you with a staff of earth.
* * * LOW HITPOINT WARNING * * *
Jorgrun shatters you!
* * * LOW HITPOINT WARNING * * *
You barely miss Jorgrun.
Jorgrun is heavily wounded.
You claw Jorgrun!
Jorgrun is heavily wounded.
Jorgrun hits you with a staff of earth!
You die...

..## ...##
.#.###.## #.#.#
....#...# ###.#
....#..$.. .#..+
##.##.....# ..#.+
#.........## ....#
...........## ....#
#........g...#
....# #........#@.#
.#.##+#..#.......$#
........#....#.#.##
.......##...##.#.#
........#........#
........#....#.###
.<^...........##
### ### #
..............##
##.## ##.####
.......#.#.#...#
##...## #...##.


You could see Jorgrun.

Vanquished Creatures
  Urug (Orc:1)
  Pikel (D:4)
  A troll (Orc:1)
  Grinder (D:6)
  A hornet (D:9)
  Sigmund (D:4)
  Eustachio (D:5)
  6 yaks (D:9)
  A steam dragon (D:7)
  Duvessa (D:7)
  3 black bears
  2 orc warriors (Orc:1)
  A centaur (D:6)
  2 ogres
  3 lemures (D:4)
  A kobold brigand (D:8)
  A necrophage (D:4)
  A bullfrog (D:8)
  A gnoll sergeant (D:5)
  A scorpion (D:4)
  Dowan (D:7)
  6 killer bees (D:9)
  3 howler monkeys (D:9)
  2 hounds
  3 jellies
  3 orc priests
  Crazy Yiuf (D:5)
  Terence (D:2)
  4 iguanas
  12 orc wizards
  Robin (D:4)
  8 adders
  3 gnolls (D:5)
  4 river rats
  2 white imps
  An ufetubus (D:6)
  2 worms (D:2)
  A dart slug (D:2)
  44 orcs
  6 ball pythons
  7 endoplasms
  5 giant cockroaches
  12 goblins
  8 hobgoblins
  2 jackals (D:2)
  6 quokkas
  8 bats
  8 frilled lizards
  3 kobolds
  14 rats
212 creatures vanquished.

Vanquished Creatures (others)
  5 fungi (D:5)
  10 plants (D:1)
15 creatures vanquished.

Grand Total: 227 creatures vanquished

Notes
Turn   | Place    | Note
-------+----------+-------------------------------------------
     0 | D:1      | dohliylev the Troll Berserker began the quest for the Orb.
     0 | D:1      | Reached XP level 1. HP: 22/22 MP: 0/0
   293 | D:1      | Reached XP level 2. HP: 29/29 MP: 1/1
   516 | D:1      | Found a faded altar of an unknown god.
   948 | D:2      | Noticed Terence
   958 | D:2      | Killed Terence
   959 | D:2      | Reached XP level 3. HP: 36/36 MP: 2/2
  1184 | D:2      | Reached XP level 4. HP: 42/44 MP: 3/3
  1397 | D:2      | Reached ** piety under Trog
  1627 | D:3      | Reached skill level 4 in Unarmed Combat
  2140 | D:3      | Found a transporter.
  2144 | D:3      | Noticed Verendum's ghost (amateur OpTm)
  2160 | D:3      | Found a transporter.
  2572 | D:4      | Reached skill level 1 in Throwing
  2595 | D:4      | Reached XP level 5. HP: 53/53 MP: 4/4
  2752 | D:4      | Noticed Sigmund
  2761 | D:4      | Killed Sigmund
  2762 | D:4      | Reached XP level 6. HP: 61/61 MP: 5/5
  2920 | D:4      | Noticed Robin
  2935 | D:4      | Killed Robin
  3059 | D:4      | Noticed Pikel
  3080 | D:4      | Killed Pikel
  3081 | D:4      | Reached skill level 5 in Unarmed Combat
  3081 | D:4      | Reached XP level 7. HP: 67/67 MP: 6/6
  3083 | D:4      | Reached skill level 6 in Unarmed Combat
  3166 | D:4      | Reached skill level 5 in Throwing
  3277 | D:4      | Found Sysaqo's General Store.
  3490 | D:4      | Reached XP level 8. HP: 75/75 MP: 7/7
  3641 | D:5      | Entered Level 5 of the Dungeon
  3642 | D:5      | Identified a scroll of acquirement
  3781 | D:5      | Found a glowing drain.
  3793 | Sewer    | Entered a sewer
  3813 | Sewer    | Reached *** piety under Trog
  3904 | Sewer    | Reached skill level 7 in Unarmed Combat
  4425 | D:5      | Noticed Eustachio
  4446 | D:5      | Killed Eustachio
  4842 | D:5      | Found a runed translucent door.
  4843 | D:5      | Noticed Crazy Yiuf
  4847 | D:5      | Killed Crazy Yiuf
  5018 | D:6      | Reached skill level 8 in Unarmed Combat
  5058 | D:6      | Reached XP level 9. HP: 66/83 MP: 8/8
  5103 | D:6      | Noticed Grinder
  5121 | D:6      | Killed Grinder
  5121 | D:6      | Reached **** piety under Trog
  5122 | D:6      | Reached skill level 5 in Dodging
  5122 | D:6      | Reached skill level 9 in Unarmed Combat
  5478 | D:7      | Noticed Dowan
  5479 | D:7      | Noticed Duvessa
  5483 | D:7      | Killed Dowan
  5493 | D:7      | Killed Duvessa
  5700 | D:7      | Found a white marble altar of Elyvilon.
  5807 | D:7      | Found a staircase to the Ecumenical Temple.
  6731 | D:9      | Paralysed by a hornet for 2 turns
  6738 | D:9      | Reached skill level 10 in Unarmed Combat
  6897 | D:9      | Reached XP level 10. HP: 82/92 MP: 9/9
  6905 | D:9      | Found a staircase to the Orcish Mines.
  7201 | D:9      | Found a sparkling altar of Nemelex Xobeh.
  7209 | D:9      | Found a radiant altar of Vehumet.
  7210 | D:9      | Found a shimmering altar of Xom.
  7212 | D:9      | Found a basalt altar of Yredelemnul.
  7244 | D:9      | Reached skill level 11 in Unarmed Combat
  7267 | D:9      | Found a broken altar of Ashenzari.
  7472 | Orc:1    | Entered Level 1 of the Orcish Mines
  7705 | Orc:1    | Noticed Urug
  7728 | Orc:1    | Killed Urug
  7991 | Orc:1    | Noticed Jorgrun
  7999 | Orc:1    | HP: 6/138 [Jorgrun/staff of earth (12)]
  8001 | Orc:1    | Slain by Jorgrun

Illustrated notes

Levels and vault maps discovered:
D:1:      elethiomel_arrival_infinity_welcomes_careful_drivers,
          layout_loops_cross, hellmonk_ecumenical_altar_lost_god,
          minmay_statues_item, minmay_misc_feat_roman, wad_woods_river_04,
          st_stairs_14, hangedman_decor_clover_reticule
D:2:      layout_rooms, serial_curves, eino_curves_03, eino_curves_04,
          eino_curves_02, eino_curves_03, minmay_misc_feat_room, uniq_terence
D:3:      layout_rooms, gammafunk_ghost_stat_death, corexii_corridor_pit
D:4:      layout_layer_cave, serial_shops,
          nicolae_shop_temple_entry_statues_fountains,
          chequers_serial_rivers_micro_b, hangedman_decor_opposing,
          reono_crystal_passage, uniq_sigmund, uniq_robin, uniq_pikel
D:5:      layout_basic, portal_sewer_entry_c, uniq_eustachio,
          uniq_crazy_yiuf_cottage
D:6:      layout_cave_pools, uniq_grinder
D:7:      layout_basic, kennysheep_little_box, minmay_temple_entry_ruins,
          uniq_duvessa
D:8:      layout_loops_cross, chequers_serial_rivers_room_b, minmay_between
D:9:      layout_basic, mainiacjoe_overflow_alcove_4, minitemple,
          minmay_misc_feat_iff
Orc:1:    layout_caves, serial_shops, nicolae_shop_hallway_stairs, uniq_jorgrun,
          uniq_urug

Skill      XL: |  1  2  3  4  5  6  7  8  9 10 |
---------------+-------------------------------+-----
Dodging        | 3 4 6 |  6.5
Fighting       | 3 |  3.9
Unarmed Combat | 4 5 6 8 10 11 | 11.6
Throwing       | 1 3 4 5 6 |  6.4

Action                   |  1- 3 |  4- 6 |  7- 9 | 10-12 || total
-------------------------+-------+-------+-------+-------++-------
Melee: Unarmed           |   124 |    97 |   299 |    85 ||   605
       Punch             |     5 |       |    16 |       ||    21
Throw: Dart              |       |    74 |    28 |       ||   102
       Boomerang         |       |    23 |       |       ||    23
       Throwing net      |       |       |     1 |       ||     1
Invok: Berserk           |     1 |     4 |     7 |     3 ||    15
       Trog's Hand       |       |     1 |     4 |     2 ||     7
  Use: Scroll            |       |       |     7 |       ||     7
 Stab: Sleeping          |       |       |     1 |       ||     1
Armor: Animal skin       |    41 |    47 |   144 |    26 ||   258
Dodge: Dodged            |    46 |    51 |   139 |    51 ||   287

Table legend: (Time is in decaauts)
 A = Elapsed time spent in this place.
 B = Non-inter-level travel time spent in this place.
 C = Inter-level travel time spent in this place.
 D = Time resting spent in this place.
 E = Time spent auto-exploring this place.
 F = Levels seen in this place.
 G = Mean time per level.
                   A        B        C        D        E       F      G
               +--------+--------+--------+--------+--------+-----+--------+
         Total |   8023 |   7807 |    216 |   1089 |   4679 |  11 |  729.4 |
       Dungeon |   7136 |   6920 |    216 |    949 |   4263 |   9 |  792.9 |
  Orcish Mines |    526 |    526 |      0 |    140 |    196 |   1 |  526.0 |
         Sewer |    360 |    360 |      0 |      0 |    220 |   1 |  360.0 |
               +--------+--------+--------+--------+--------+-----+--------+

Top non-repeatable levels by time:
     D:4: 1189 daAuts
     D:1: 944 daAuts
     D:5: 886 daAuts
     D:3: 847 daAuts
     D:9: 772 daAuts
     D:2: 679 daAuts
     D:8: 671 daAuts
     D:7: 655 daAuts
   Orc:1: 526 daAuts
     D:6: 489 daAuts
   Sewer: 360 daAuts
